 Dungeon Crawl Stone Soup version 0.25-a0-611-g6918904 (webtiles) character file.

Game seed: 7041750181039729687, levelgen mode: deterministic

141 Faels the Cutter (level 5, -4/41 HPs)
             Began as a Demonspawn Fighter on Mar 16, 2020.
             Slain by a phantom (8 damage)
             ... on level 3 of the Dungeon.
             The game lasted 00:06:47 (3090 turns).

Faels the Cutter (Demonspawn Fighter)               Turns: 3090, Time: 00:06:48

Health: -4/41      AC:  3    Str: 17    XL:     5   Next: 3%
Magic:  5/5        EV:  9    Int:  9    God:
Gold:   93         SH:  8    Dex: 13    Spells: 4/4 levels left

rFire    . . .     SeeInvis .   a - +0 rapier
rCold    . . .     Gourm    .   c - +0 kite shield
rNeg     . . .     Faith    .   g - +0 leather armour {rPois}
rPois    +         Spirit   .   (no helmet)
rElec    .         Reflect  .   (no cloak)
rCorr    .         Harm     .   (no gloves)
MR       .....                  (no boots)
Stlth    +.........             t - amulet of magic regeneration
HPRegen  0.13/turn              (no ring)
MPRegen  0.34/turn              (no ring)

@: no status effects
A: powered by death 2, rot immunity
a: no special abilities


You were on level 3 of the Dungeon.
You were very hungry.

You visited 1 branch of the dungeon, and saw 4 of its levels.

You collected 93 gold pieces.

Inventory:

Hand Weapons
 a - a +0 rapier (weapon)
 e - a +2 spear of flaming
 h - a +1 dagger of venom
 o - a +1 dagger of venom
Armour
 b - a +0 scale mail
 c - a +0 kite shield (worn)
 g - a +0 leather armour of poison resistance (worn)
Jewellery
 t - an amulet of magic regeneration (around neck)
Scrolls
 k - a scroll of remove curse
 l - a scroll of identify
 s - a scroll of blinking
Potions
 d - a potion of might
 i - a potion of brilliance {unknown}
 j - 3 potions of stabbing
 n - a potion of lignification {unknown}
 p - a potion of curing {unknown}
Comestibles
 f - 6 rations


   Skills:
 - Level 3.0 Fighting
 * Level 4.5 Short Blades
 - Level 2.6 Armour
 - Level 1.3 Dodging
 - Level 2.6 Shields


You had 4 spell levels left.
You didn't know any spells.
Your spell library was empty.

Dungeon Overview and Level Annotations

Branches:
Dungeon (4/15)
 Temple: D:4-7

Altars:
Uskayaw

Annotations:
D:4 Sigmund


Innate Abilities, Weirdness & Mutations

You regenerate health from kills.
You are immune to rotting.


Message History

You completely miss the phantom.
The phantom is severely damaged.
The phantom hits you.
The phantom blinks!
The phantom blinks!
You see here a stone.
You block the phantom's attack.
You miss the phantom.
The phantom is severely damaged.
The phantom closely misses you.
You closely miss the phantom.
The phantom is severely damaged.
The phantom hits you!
* * * LOW HITPOINT WARNING * * *
The phantom blinks!
The phantom hits you.
* * * LOW HITPOINT WARNING * * *
Your shield and leather armour prevent you from hitting the phantom.
The phantom is severely damaged.
The phantom hits you!
You die...

.................# #............
.......####....### #............
####...........######............
.............................###.
...........###...............####
...........# #......(..........(.
...........###...................
....................(............
...............W@##(..######[###.
.........................# #.....
###......####......(<....# #.....
# #...#### #............# #.....
# ##### #............# #..... #
#............# #.#### #
#............# #.# # #
#....######### #.# # # #....# #.#
#


You could see a phantom.

Vanquished Creatures
  A worker ant (D:3)
  4 adders
  An ooze (D:1)
  3 worms
  2 dart slugs
  A leopard gecko (D:2)
  3 orcs (D:4)
  A ball python (D:1)
  5 giant cockroaches
  7 goblins
  7 hobgoblins
  4 jackals
  4 bats (D:3)
  9 frilled lizards
  4 kobolds
  5 rats
61 creatures vanquished.

Vanquished Creatures (others)
  A quokka (D:4)
  A leopard gecko skeleton (D:4)
2 creatures vanquished.

Grand Total: 63 creatures vanquished

Notes
Turn   | Place    | Note
-------+----------+-------------------------------------------
     0 | D:1      | Faels the Demonspawn Fighter began the quest for the Orb.
     0 | D:1      | Reached XP level 1. HP: 18/18 MP: 1/1
    41 | D:1      | Reached skill level 2 in Short Blades
   139 | D:1      | Gained mutation: You are immune to rotting. [demonic
                  | ancestry]
   139 | D:1      | Reached XP level 2. HP: 24/24 MP: 2/2
   264 | D:1      | Reached skill level 1 in Dodging
   746 | D:2      | Gained mutation: You regenerate a little health from kills.
                  | [demonic ancestry]
   746 | D:2      | Reached XP level 3. HP: 25/29 MP: 3/3
   883 | D:2      | Reached skill level 3 in Short Blades
  1170 | D:2      | Found a hide-covered altar of Uskayaw.
  2025 | D:3      | Gained mutation: You regenerate health from kills. [demonic
                  | ancestry]
  2025 | D:3      | Reached XP level 4. HP: 24/35 MP: 4/4
  2224 | D:3      | Reached skill level 4 in Short Blades
  2680 | D:4      | Noticed a phantom
  3012 | D:4      | Noticed Sigmund
  3017 | D:4      | Reached XP level 5. HP: 36/41 MP: 5/5
  3090 | D:3      | Slain by a phantom

Levels and vault maps discovered:
D:1:      wander_arrival_lonely_grave, layout_basic
D:2:      layout_basic, eat_drink_and_be_merry_uskayaw, first_ration,
          serial_bayou, serial_bayou_shore_b, serial_bayou_shore_b,
          serial_bayou_pond_d, serial_bayou_lake_a, serial_bayou_pond_e,
          chequers_serial_rivers_micro_e
D:3:      layout_basic
D:4:      layout_loops_ring, gammafunk_ghost_icy, elyvilon_altar_4, uniq_pikel,
          uniq_sigmund, uniq_blork_the_orc

Skill      XL: |  1  2  3  4 |
---------------+-------------+-----
Short Blades   | 2 3 4 |  4.5
Dodging        | 1 |  1.3
Fighting       | |  3.0
Armour         | |  2.6
Shields        | |  2.6

Action                   |  1- 3 |  4- 6 || total
-------------------------+-------+-------++-------
Melee: Rapier            |   122 |    32 ||   154
       Dagger            |    28 |    65 ||    93
  Use: Scroll            |     2 |     4 ||     6
  Eat: Chunk             |     3 |     3 ||     6
Armor: Scale mail        |    62 |       ||    62
       Leather armour    |     1 |    23 ||    24
Dodge: Dodged            |    58 |    38 ||    96
Block: Kite shield       |    81 |    32 ||   113

Table legend:
 A = Non-vault XP
 B = Vault XP
 C = Vault XP percentage of total XP
 D = Non-vault monster count
 E = Vault monster count
 F = Vault count percentage of total count
                 A         B        C        D         E       F
            +---------+---------+-------+---------+---------+-------
      Total |     202 |       0 |   0.0 |      61 |       0 |   0.0
            +---------+---------+-------+---------+---------+-------
        D:1 |      41 |       0 |   0.0 |      21 |       0 |   0.0
        D:2 |      39 |       0 |   0.0 |      13 |       0 |   0.0
        D:3 |     113 |       0 |   0.0 |      24 |       0 |   0.0
        D:4 |       9 |       0 |   0.0 |       3 |       0 |   0.0
            +---------+---------+-------+---------+---------+-------
